 Dungeon Crawl Stone Soup version 0.17.0-22-g5edae84 (console) character file.

72 gw the Chiller (level 4, 0/33 HPs)
             Began as a Merfolk Ice Elementalist on Nov 12, 2015.
             Slain by a goblin (2 damage)
             ... led by Robin
             ... on level 2 of the Dungeon.
             The game lasted 00:02:34 (2305 turns).

gw the Chiller (Merfolk Ice Elementalist)           Turns: 2305, Time: 00:02:34

Health: 0/33       AC:  4    Str:  8    XL:     4   Next: 26%
Magic:  0/8        EV: 12    Int: 15    God:
Gold:   149        SH:  0    Dex: 14    Spells: 3 memorised, 3 levels left

rFire  . . .     SeeInvis .     b - +0 short sword
rCold  . . .     Clarity  .     g - +0 leather armour
rNeg   . . .     SustAt   .     (no shield)
rPois  .         Gourm    .     (no helmet)
rElec  .         Spirit   .     (no cloak)
rCorr  .         Warding  .     (no gloves)
rMut   .         Stasis   .     d - +0 pair of boots (curse)
MR     .....                    (no amulet)
Stlth  ++........               (no ring)
                                (no ring)

@: very slightly contaminated, not resistant to hostile enchantments, unstealthy
A: change form in water, swift swim
a: no special abilities


You were on level 2 of the Dungeon.
You were not hungry.

You visited 1 branch of the dungeon, and saw 2 of its levels.

You collected 149 gold pieces.

Inventory:

Hand Weapons
 b - a +0 short sword (weapon)
Missiles
 e - 46 stones (quivered)
Armour
 d - a cursed +0 pair of boots (worn)
 g - a +0 leather armour (worn)
Books
 f - a book of Frost

   Spells                             Type                      Level
   a - Freeze                         Ice                          1
   b - Throw Frost                    Conjuration/Ice              2
   c - Ozocubu's Armour               Charms/Ice                   3
   d - Throw Icicle                   Conjuration/Ice              4
   e - Summon Ice Beast               Ice/Summoning                4
   f - Condensation Shield            Ice                          4
Comestibles
 c - 2 bread rations


   Skills:
 + Level 1.9 Fighting
 + Level 3.3 Dodging
 - Level 2.1 Stealth
 * Level 3.0 Spellcasting
 - Level 0.7 Conjurations
 + Level 3.6 Ice Magic


You had 3 spell levels left.
You knew the following spells:

 Your Spells              Type           Power        Failure   Level  Hunger
a - Freeze                Ice            ##..         10%         1    #......
b - Throw Frost           Conj/Ice       #.....       21%         2    ##.....
c - Ozocubu's Armour      Chrm/Ice       #.......     41%         3    ###....


Dungeon Overview and Level Annotations

Branches:
Dungeon (2/15)

Altars:

Annotations:
D:2 Robin


Message History

Unknown command.
Casting: Throw Frost
Confirm with . or Enter, or press ? or * to list all spells.
Aiming: Freeze
Press: ? - help, Shift-Dir - straight line, f - goblin, p - hobgoblin
Aim: a goblin, wielding a club (moderately wounded, consumed by blood-lust)
You freeze the goblin.
You kill the goblin!
Robin throws the goblin at you!
The hobgoblin hits you but does no damage.
The hobgoblin hits you with a club.
Unknown command.
Unknown command.
Unknown command.
Unknown command.
ATTACK MOVE TO (-1,-1)
You barely miss the goblin. The goblin completely misses you.
Robin throws the goblin at you! The hobgoblin hits you with a club.
The hobgoblin closely misses you. The goblin hits you.
You die...

..........##.##
##..#....#..#
#....##...## .
....#.......## .. ..#
##.##....# ... .
##.##.##)# .... .
#..##.##.## .....
#.#####...>=##.g##......
#.....).....##.gmgg.....
####........###gg.....>.
##.)........# #..<.(((..
...#........# ..........
.##.........#.....(.....
..%.........)........(..
##..#######..#..........
###...# #.............
###..#


You could see Robin, 2 hobgoblins and 3 goblins.

Table legend:
 A = Turns spent in this place as a percentage of turns spent in the entire game.
 B = Non-inter-level travel turns spent in this place as a percentage of non-inter-level travel turns spent in the entire game.
 C = Inter-level travel turns spent in this place as a percentage of turns spent in this place.
 D = Turns resting spent in this place as a percentage of non-inter-level travel turns spent in this place.
 E = Turns spent auto-exploring this place as a percentage of non-inter-level travel turns spent in this place.
 F = Non-inter-level travel turns spent in this place divided by the number of levels of this place that you've seen.
                   A       B       C       D       E      F
               +-------+-------+-------+-------+-------+----------------------
         Total | 100.0 | 100.0 |   0.7 |   2.4 |   2.1 | 1732.0
       Dungeon | 100.0 | 100.0 |   0.7 |   2.4 |   2.1 | 1732.0
               +-------+-------+-------+-------+-------+----------------------

Table legend:
 A = Kills in this place as a percentage of kills in entire the game.
 B = Kills by you in this place as a percentage of kills by you in the entire game.
 C = Kills by friends in this place as a percentage of kills by friends in the entire game.
 D = Other kills in this place as a percentage of other kills in the entire game.
 E = Experience gained in this place as a percentage of experience gained in the entire game.
 F = Experience gained in this place divided by the number of levels of this place that you have seen.
                   A       B       C       D       E      F
               +-------+-------+-------+-------+-------+----------------------
         Total | 100.0 | 100.0 |  -nan |  -nan | 100.0 |  52.0
       Dungeon | 100.0 | 100.0 |  -nan |  -nan | 100.0 |  52.0
               +-------+-------+-------+-------+-------+----------------------

Vanquished Creatures
  Jessica (D:2)
  A giant gecko (D:1)
  2 ball pythons (D:1)
  A giant cockroach (D:1)
  10 goblins
  6 hobgoblins
  3 jackals (D:1)
  5 kobolds (D:1)
  A quokka (D:1)
  7 bats
  A giant newt (D:1)
  4 rats (D:1)
42 creatures vanquished.

Notes
Turn   | Place    | Note
--------------------------------------------------------------
     0 | D:1      | gw the Merfolk Ice Elementalist began the quest for the Orb.
     0 | D:1      | Reached XP level 1. HP: 13/13 MP: 3/3
   374 | D:1      | Reached XP level 2. HP: 20/20 MP: 3/5
   400 | D:1      | Learned a level 2 spell: Throw Frost
   452 | D:1      | Reached skill level 1 in Fighting
  1288 | D:1      | Reached XP level 3. HP: 26/26 MP: 0/6
  1355 | D:1      | Learned a level 3 spell: Ozocubu's Armour
  1910 | D:2      | Noticed Jessica
  1916 | D:2      | Killed Jessica
  1916 | D:2      | Reached XP level 4. HP: 31/33 MP: 0/8
  2292 | D:2      | Noticed Robin
  2305 | D:2      | Slain by a goblin

Action                   |  1- 3 |  4- 6 || total
-------------------------+-------+-------++-------
Melee: Short sword       |     5 |    13 ||    18
       Unarmed           |     3 |       ||     3
Throw: Stone             |    16 |    11 ||    27
 Cast: Freeze            |    19 |     4 ||    23
       Throw Frost       |    26 |    10 ||    36
  Eat: Chunk             |     4 |     3 ||     7

Vault maps used:
D:1:      tarquinn_simple_flora_water_e, minivault_5
D:2:      yredelemnul_altar_generic, uniq_jessica, uniq_robin, uniq_sigmund
